 Dungeon Crawl Stone Soup version 0.30.0-15-g856e2d3f33 (webtiles) character file.

Game seed: 1184990736989397069

5844 Sobieck the Cleaver (level 10, -5/74 HPs)
             Began as a Mummy Fighter on May 19, 2023.
             Was an Elder of Cheibriados.
             Slain by Gastronok (20 damage)
             ... on level 8 of the Dungeon.
             The game lasted 00:17:28 (6757 turns).

Sobieck the Cleaver (Mummy Fighter)                 Turns: 6757, Time: 00:17:28

Health: -5/74      AC: 18    Str: 34    XL:     10   Next: 51%
Magic:  9/15       EV: 22    Int: 18    God:    Cheibriados [****..]
Gold:   467        SH:  6    Dex: 25    Spells: 9/9 levels left

rFire   x . .        a - +2 war axe (vamp) {axe}
rCold   + . .        c - +0 buckler
rNeg    + + +        F - +3 plate armour
rPois   ∞            l - +1 helmet
rElec   +            (no cloak)
rCorr   .            A - +0 pair of gloves
SInv    .            (no boots)
Will    +....        j - amulet of the acrobat Stlth
                     b - ring "Oshywais" {rElec rPois Dex+4}
HPRegen 0.32/turn    (no ring)
MPRegen 0.14/turn

%: acrobat, faith
@: acrobatic, very slow
A: cold resistance 1, negative energy resistance 3, torment resistance 2, heat
vulnerability 1, in touch with death 1, no potions, faith
a: Renounce Religion, Bend Time, Temporal Distortion, Slouch


You were on level 8 of the Dungeon.
You worshipped Cheibriados.
Cheibriados was greatly pleased with you.
You visited 1 branch of the dungeon, and saw 8 of its levels.

You collected 467 gold pieces.


Innate Abilities, Weirdness & Mutations

You are immune to poison.
Your flesh is cold resistant. (rC+)
You are immune to negative energy. (rN+++)
You are immune to unholy pain and torment.
You are vulnerable to heat. (rF-)
You are in touch with the powers of death.
You do not drink.
You have a special connection with the divine. (Faith)


   Skills:
 - Level 5.1 Fighting
 * Level 10.0 Axes
 - Level 0.7 Throwing
 - Level 4.1 Armour
 - Level 4.1 Shields
 + Level 7.2 Invocations


You had 9 spell levels left.
You didn't know any spells.
Your spell library contained the following spells:

 Spells                   Type           Power      Damage    Failure   Level
 Slow                     Hex            0%         N/A       89%         1
 Confusing Touch          Hex            0%         N/A       99%         3
 Vampiric Draining        Necr           0%         2d6       99%         3
 Volatile Blastmotes      Fire/Tloc      0%         2d10      99%         3
 Fulminant Prism          Conj/Hex       0%         3d5       100%        4
 Iskenderun's Mystic Bla  Conj/Tloc      0%         2d3       100%        4
 Lee's Rapid Deconstruct  Erth           0%         3d4*      100%        5

Inventory:

Hand Weapons
 a - a +2 vampiric war axe (weapon) {axe}
 s - a +2 heavy hand axe {axe}
   (You found it on level 3 of the Dungeon)
 R - a +3 war axe {axe}
   (You took it off a wight on level 6 of the Dungeon)
Missiles
 e - 54 stones {throwing}
 f - 5 boomerangs (quivered) {throwing}
 t - 14 poisoned darts {throwing}
 y - 2 curare-tipped darts {=fthrowing}
 J - 2 throwing nets {=f!fthrowing}
Armour
 c - a +0 buckler (worn)
 d - a +0 leather armour
   (You found it on level 3 of the Dungeon)
 i - a +0 ring mail
   (You found it on level 2 of the Dungeon)
 k - a +0 animal skin
   (You took it off Robin on level 3 of the Dungeon)
 l - a +1 helmet (worn)
   (You took it off Robin on level 3 of the Dungeon)
 n - a +0 chain mail
   (You took it off an orc on level 3 of the Dungeon)
 o - a +0 robe
   (You took it off an orc wizard on level 3 of the Dungeon)
 u - a +0 leather armour
   (You took it off an orc on level 4 of the Dungeon)
 w - a +1 chain mail of cold resistance
   (You took it off an orc on level 4 of the Dungeon)
 x - a +1 leather armour of willpower
   (You found it on level 4 of the Dungeon)
 z - a +0 scale mail
   (You took it off an orc on level 4 of the Dungeon)
 A - a +0 pair of gloves (worn)
   (You found it on level 4 of the Dungeon)
 C - a +0 robe
   (You took it off an orc wizard on level 5 of the Dungeon)
 D - a +0 scale mail
   (You took it off an orc on level 5 of the Dungeon)
 E - a +0 robe
   (You took it off a gnoll bouda on level 5 of the Dungeon)
 F - a +3 plate armour (worn)
   (You found it on level 5 of the Dungeon)
 H - a +0 robe
   (You took it off an orc wizard on level 5 of the Dungeon)
 I - a +0 robe
   (You took it off an orc wizard on level 5 of the Dungeon)
 K - a +0 leather armour
   (You found it on level 6 of the Dungeon)
 L - a +0 leather armour
   (You took it off an orc priest on level 6 of the Dungeon)
 M - a +0 ring mail
   (You took it off an orc priest on level 6 of the Dungeon)
 N - a +0 robe
   (You found it on level 6 of the Dungeon)
 O - a +0 leather armour
   (You found it on level 6 of the Dungeon)
 S - a +0 robe
   (You took it off a wight on level 6 of the Dungeon)
 T - a +0 robe
   (You took it off a wight on level 6 of the Dungeon)
 U - a +0 robe
   (You took it off a wight on level 6 of the Dungeon)
 W - a +0 chain mail
   (You took it off an orc on level 7 of the Dungeon)
 X - a +0 robe
   (You took it off an orc wizard on level 7 of the Dungeon)
 Y - a +0 leather armour
   (You took it off an orc on level 7 of the Dungeon)
 Z - a +0 scale mail
   (You took it off an orc on level 7 of the Dungeon)
Magical Staves
 v - a staff of fire {!astaff}
   (You found it on level 4 of the Dungeon)
Jewellery
 b - a ring "Oshywais" (left hand) {rElec rPois Dex+4}
   (You found it on level 8 of the Dungeon)

   [ring of poison resistance]

   Dex:       It affects your dexterity (+4).
   rElec:     It insulates you from electricity.
   rPois:     It protects you from poison.
 j - an amulet of the acrobat (around neck)
   (You found it on level 2 of the Dungeon)
Wands
 m - a wand of quicksilver (28)
   (You took it off Robin on level 3 of the Dungeon)
 P - a wand of charming (6)
   (You found it on level 6 of the Dungeon)
 Q - a wand of mindburst (18)
   (You found it on level 6 of the Dungeon)
 V - a wand of iceblast (4)
   (You found it on level 7 of the Dungeon)
Scrolls
 g - a scroll of amnesia
 h - 4 scrolls of fog
 p - a scroll of silence {!r}
 q - 2 scrolls of enchant weapon
 r - 2 scrolls of poison
 B - 5 scrolls of teleportation {@r4}
 G - a scroll of magic mapping {!r}

Dungeon Overview and Level Annotations

Branches:
Dungeon (8/15) Zot: 39462  Temple (0/1) D:5
   Lair: D:8-11

Altars:
Cheibriados
Dithmenos
Fedhas
Gozag
Nemelex Xobeh
Ru
Trog
Vehumet
Xom

Annotations:
D:3 2 transporters, Strat's ghost, weakling VSEE
D:8 Gastronok

#...##
## ...#
##....
#. ...
#..†#
#.#..#
##..#
#....
#...
#...#
##..
#)..
#..
#w)##
##.
#.@)#
#..
#...##
##..
#....#
#...
###..##
##.[#
#...#
#....
##..##
##..##
#...#
#...##
##..##
##....#
#...#
#.....#


You could see Gastronok (swift).


Message History

a +0 giant club {mace}; a +0 giant club {mace}; a two-headed ogre corpse Unknown command.
You start resting.
Unknown command.
Unknown command.
Your pack is full.
You see here a ring "Oshywais" {rElec rPois Dex+4}.
Unknown command.
You drop a +0 scale mail.
b - a ring "Oshywais" {rElec rPois Dex+4} You see here a +0 scale mail.
You feel agile.
b - a ring "Oshywais" (left hand) {rElec rPois Dex+4} Gastronok the Ponderous comes into view.
He is wearing a +2 hat of willpower.
Gastronok's eyestalks quiver as he mumbles some strange words.
Danger!
Unknown command.
The rat twitches its whiskers.
Gastronok mumbles some strange words.
Gastronok puts on a burst of speed!
Unknown command.
A vampire mosquito, an orc warrior and an orc come into view.
The vampire mosquito buzzes angrily.
The orc warrior shouts!
The orc shouts!
You hear a shout!
The vampire mosquito completely misses you.
An orc comes into view. It is wielding a +0 short sword.
An orc comes into view. It is wielding a +0 dagger.
Unknown command.
Unknown command.
You hit the vampire mosquito.
You block the vampire mosquito's attack.
The vampire mosquito bites you but does no damage.
Unknown command.
Unknown command.
You hit the vampire mosquito.
You block the vampire mosquito's attack. x2
Gastronok waves his eye-stalks in wide circles.
The air twists around and strikes you!!!
Ouch! That really hurt!
* * * LOW HITPOINT WARNING * * *
Unknown command.
The vampire mosquito closely misses you. x2
The orc warrior misses you. The vampire mosquito barely misses you.
The rat bites you but does no damage. The orc warrior misses you.
The vampire mosquito bites you but does no damage.
Unknown command.
Unknown command.
You slash the orc warrior!
You feel better.
You slash the vampire mosquito! You closely miss the rat.
The vampire mosquito completely misses you.
You block the rat's attack.
The orc warrior hits you with a +0 mace!
Unknown command.
Unknown command.
Activating: Slouch (10% risk of failure)
Press: ? - help, Dir - look around, f - activate You can feel time thicken for a moment.
You destroy the vampire mosquito!
Cheibriados thoroughly appreciates the change of pace.
You kill the rat!
The rat's corpse disappears in a puff of smoke!
You kill the orc warrior!
Cheibriados thoroughly appreciates the change of pace.
You kill the orc!
Cheibriados appreciates the change of pace.
You can no longer step out of the flow of time.
Cheibriados lowers the support of your attributes as your movement quickens.
Your Axes skill increases to level 10!
Unknown command.
The orc misses you.
You take on a slight green cast.
You see here a vampire mosquito corpse.
Unknown command.
You hit the orc. You completely miss the orc. You slash Gastronok!
You feel better. Gastronok bites you!
* * * LOW HITPOINT WARNING * * *
You block the orc's attack. The orc hits you but does no damage.
Unknown command.
You hit the orc.
You feel better.
You kill the orc!
Cheibriados appreciates the change of pace.
You hit Gastronok. You hit the orc but do no damage.
The orc closely misses you.
Unknown command.
You slice Gastronok!! You slash the orc!
You feel better.
You kill the orc!
Cheibriados appreciates the change of pace.
Gastronok's eyestalks stretch out, then return to normal size.
Unknown command.
You completely miss Gastronok. You hit Gastronok. You block Gastronok's attack.
You hit Gastronok. You hit Gastronok but do no damage. Gastronok bites you!
* * * LOW HITPOINT WARNING * * *
You slash Gastronok!
You feel better.
You slash Gastronok! Gastronok bites you!!
* * * LOW HITPOINT WARNING * * *
The flow of time bends around you.
Gastronok easily resists.
Gastronok bites you!!
You die...

Skill      XL: |  1  2  3  4  5  6  7  8  9 10 |
---------------+-------------------------------+-----
Axes           | 2 3 4 6 8 10 | 10.0
Fighting       | 4 5 |  5.1
Armour         | 3 4 |  4.1
Shields        | 3 4 |  4.1
Invocations    | 2 4 6 7 |  7.2
Throwing       | |  0.7

Action                     |  1- 3 |  4- 6 |  7- 9 | 10-12 || total
---------------------------+-------+-------+-------+-------++-------
  Melee: War axe           |   107 |   134 |   344 |    70 ||   655
  Throw: Stone             |       |       |     7 |       ||     7
         Boomerang         |       |       |    10 |       ||    10
 Invoke: Slouch            |       |       |     1 |     1 ||     2
         Bend Time         |       |       |       |     1 ||     1
    Use: Scroll            |       |     6 |     4 |       ||    10
 Armour: Scale mail        |    30 |    66 |     2 |       ||    98
         Chain mail        |       |       |    46 |       ||    46
         Plate armour      |       |       |   136 |    25 ||   161
  Dodge: Dodged            |    42 |    70 |   128 |    46 ||   286
  Block: Buckler           |    20 |    28 |    95 |    25 ||   168

Levels and vault maps discovered:
D:1:      dpeg_arrival_long_road, layout_loops_corners
D:2:      layout_rooms, basic_altar
D:3:      layout_rooms, minmay_overflow_temple_hex,
          gammafunk_ghost_gnarly_gnolls, serial_bayou_crossing, uniq_robin,
          uniq_grinder
D:4:      layout_loops_ring, nicolae_ru_path_of_blood, hangedman_minor_gate_pass
D:5:      layout_basic, minmay_temple_entry_slanted
D:6:      wad_pebble_path, layout_basic, grunt_temple_overflow_opulence,
          st_stairs_10
D:7:      layout_loops_cross, mainiacjoe_overflow_paths, uniq_prince_ribbit1
D:8:      minmay_diamond_stairs, layout_rooms, the_hattery, uniq_gastronok

Notes
Turn   | Place    | Note
-------+----------+-------------------------------------------
     0 | D:1      | Sobieck the Mummy Fighter began the quest for the Orb.
     0 | D:1      | Reached XP level 1. HP: 18/18 MP: 1/1
   189 | D:1      | Reached XP level 2. HP: 24/24 MP: 2/2
   322 | D:1      | Reached skill level 2 in Axes
   823 | D:2      | Gained mutation: You are in touch with the powers of death.
                  | [Mummy growth]
   823 | D:2      | Reached XP level 3. HP: 29/29 MP: 3/3
  1004 | D:2      | Found a radiant altar of Vehumet.
  1119 | D:2      | Reached XP level 4. HP: 35/35 MP: 4/4
  1387 | D:3      | Noticed Grinder
  1400 | D:2      | Killed Grinder
  1401 | D:2      | Reached skill level 4 in Fighting
  1401 | D:2      | Reached skill level 3 in Axes
  1401 | D:2      | Reached skill level 3 in Armour
  1401 | D:2      | Reached skill level 3 in Shields
  1401 | D:2      | Reached XP level 5. HP: 23/42 MP: 5/5
  1401 | D:2      | Reached XP level 6. HP: 27/48 MP: 6/6
  1493 | D:3      | Found a transporter.
  1536 | D:3      | Noticed Robin
  1578 | D:3      | Killed Robin
  1905 | D:3      | Found a radiant altar of Vehumet.
  1905 | D:3      | Found a snail-covered altar of Cheibriados.
  1905 | D:3      | Found a bloodstained altar of Trog.
  1915 | D:3      | Found a shimmering altar of Xom.
  1915 | D:3      | Found a shadowy altar of Dithmenos.
  1962 | D:3      | Became a worshipper of Cheibriados the Contemplative
  2110 | D:3      | Found a transporter.
  2121 | D:3      | Noticed Strat's ghost (weakling VSEE)
  2205 | D:4      | Noticed a water moccasin
  2215 | D:4      | Killed a water moccasin
  2216 | D:4      | Reached skill level 4 in Axes
  2225 | D:4      | Reached XP level 7. HP: 55/55 MP: 7/7
  2587 | D:4      | Reached * piety under Cheibriados
  3176 | D:4      | Found a sacrificial altar of Ru.
  3249 | D:5      | Entered Level 5 of the Dungeon
  3306 | D:5      | You pick up a book of Blasting and begin reading...
  3306 | D:5      | You add the spells Volatile Blastmotes, Fulminant Prism,
                  | Iskenderun's Mystic Blast and Lee's Rapid Deconstruction to
                  | your library.
  3370 | D:5      | Reached skill level 1 in Invocations
  3380 | D:5      | Found a staircase to the Ecumenical Temple.
  3434 | D:5      | You pick up a book of Debilitation and begin reading...
  3434 | D:5      | You add the spells Slow, Vampiric Draining and Confusing
                  | Touch to your library.
  3471 | D:5      | Reached skill level 4 in Shields
  3473 | D:5      | Reached ** piety under Cheibriados
  3556 | D:5      | Reached skill level 4 in Armour
  3556 | D:5      | Reached skill level 2 in Invocations
  3597 | D:5      | Reached skill level 5 in Fighting
  3597 | D:5      | Reached XP level 8. HP: 58/62 MP: 9/9
  3603 | D:5      | Reached skill level 5 in Axes
  3694 | D:5      | You pick up a book of Debilitation and begin reading...
  4095 | D:6      | Reached skill level 3 in Invocations
  4654 | D:6      | Reached *** piety under Cheibriados
  4655 | D:6      | Reached skill level 4 in Invocations
  4658 | D:6      | Reached skill level 6 in Axes
  4777 | D:6      | Found an opulent altar of Gozag.
  4777 | D:6      | Found a sparkling altar of Nemelex Xobeh.
  5084 | D:7      | Noticed Prince Ribbit
  5113 | D:7      | Reached XP level 9. HP: 63/68 MP: 12/12
  5139 | D:7      | Killed Prince Ribbit
  5140 | D:7      | Reached skill level 7 in Axes
  5389 | D:7      | Reached skill level 5 in Invocations
  5420 | D:7      | Found a blossoming altar of Fedhas.
  5487 | D:6      | Reached **** piety under Cheibriados
  5492 | D:6      | Reached skill level 8 in Axes
  6095 | D:8      | Reached skill level 6 in Invocations
  6111 | D:8      | Reached XP level 10. HP: 59/74 MP: 9/14
  6112 | D:8      | Reached skill level 9 in Axes
  6283 | D:8      | Noticed a cyclops
  6297 | D:8      | Killed a cyclops
  6333 | D:8      | Reached ***** piety under Cheibriados
  6436 | D:8      | Noticed a two-headed ogre
  6447 | D:8      | Killed a two-headed ogre
  6448 | D:8      | Reached skill level 7 in Invocations
  6607 | D:8      | Identified a ring "Oshywais" {rElec rPois Dex+4}
  6738 | D:8      | Noticed Gastronok
  6746 | D:8      | Reached skill level 10 in Axes
  6755 | D:8      | HP: 14/74 [Gastronok (20)]
  6757 | D:8      | Slain by Gastronok

Vanquished Creatures
  A two-headed ogre (D:8)
  A cyclops (D:8)
  Prince Ribbit (D:7)
  Grinder (D:2)
  A wyvern (D:7)
  6 yaks (D:8)
  A vampire mosquito (D:8)
  An acid dragon (D:8)
  3 water moccasins
  An orc warrior (D:8)
  2 ice beasts
  3 black bears
  A sky beast (D:7)
  3 ogres
  A centaur (D:8)
  A phantom (D:6)
  A kobold brigand (D:8)
  6 bullfrogs
  A scorpion (D:7)
  3 wights (D:6)
  3 killer bees (D:8)
  A howler monkey (D:8)
  4 orc priests
  5 hounds
  3 sleepcaps
  3 gnoll boudas
  4 iguanas
  6 orc wizards
  Robin (D:3)
  14 gnolls
  8 adders
  A shadow imp (D:7)
  A white imp (D:5)
  An ufetubus (D:6)
  3 dart slugs
  5 worms
  25 orcs
  9 ball pythons
  10 endoplasms
  4 giant cockroaches
  11 goblins
  5 hobgoblins
  22 kobolds
  4 quokkas
  3 bats
  7 frilled lizards
  7 rats
209 creatures vanquished.

Table legend:
 A = Non-vault XP
 B = Vault XP
 C = Vault XP percentage of total XP
 D = Non-vault monster count
 E = Vault monster count
 F = Vault count percentage of total count
                 A         B        C        D         E       F
            +---------+---------+-------+---------+---------+-------
      Total |    6440 |    1909 |  22.9 |     181 |      28 |  13.4
            +---------+---------+-------+---------+---------+-------
        D:1 |      38 |       0 |   0.0 |      23 |       0 |   0.0
        D:2 |      88 |     272 |  75.6 |      25 |       1 |   3.8
        D:3 |     141 |      37 |  20.8 |      25 |      12 |  32.4
        D:4 |     184 |      64 |  25.8 |      13 |       7 |  35.0
        D:5 |     732 |       0 |   0.0 |      27 |       0 |   0.0
        D:6 |     876 |     376 |  30.0 |      15 |       4 |  21.1
        D:7 |    1429 |     283 |  16.5 |      24 |       1 |   4.0
        D:8 |    2952 |     877 |  22.9 |      29 |       3 |   9.4
            +---------+---------+-------+---------+---------+-------

Skill      XL: |  1  2  3  4  5  6  7  8  9 10 |
---------------+-------------------------------+-----
Axes           | 2 3 4 6 8 10 | 10.0
Fighting       | 4 5 |  5.1
Armour         | 3 4 |  4.1
Shields        | 3 4 |  4.1
Invocations    | 2 4 6 7 |  7.2
Throwing       | |  0.7

Action                     |  1- 3 |  4- 6 |  7- 9 | 10-12 || total
---------------------------+-------+-------+-------+-------++-------
  Melee: War axe           |   107 |   134 |   344 |    70 ||   655
  Throw: Stone             |       |       |     7 |       ||     7
         Boomerang         |       |       |    10 |       ||    10
 Invoke: Slouch            |       |       |     1 |     1 ||     2
         Bend Time         |       |       |       |     1 ||     1
    Use: Scroll            |       |     6 |     4 |       ||    10
 Armour: Scale mail        |    30 |    66 |     2 |       ||    98
         Chain mail        |       |       |    46 |       ||    46
         Plate armour      |       |       |   136 |    25 ||   161
  Dodge: Dodged            |    42 |    70 |   128 |    46 ||   286
  Block: Buckler           |    20 |    28 |    95 |    25 ||   168

Illustrated notes

Table legend:
 A = Kills in this place as a percentage of kills in the entire game.
 B = Kills by you in this place as a percentage of kills by you in the entire game.
 C = Kills by friends in this place as a percentage of kills by friends in the entire game.
 D = Other kills in this place as a percentage of other kills in the entire game.
 E = Experience gained in this place as a percentage of experience gained in the entire game.
 F = Experience gained in this place divided by the number of levels of this place that you have seen.
                   A       B       C       D       E      F
               +-------+-------+-------+-------+-------+----------------------
         Total | 100.0 | 100.0 |   N/A |   N/A | 100.0 | 1043.6
       Dungeon | 100.0 | 100.0 |   N/A |   N/A | 100.0 | 1043.6
               +-------+-------+-------+-------+-------+----------------------

Table legend: (Time is in decaauts)
 A = Elapsed time spent in this place.
 B = Non-inter-level travel time spent in this place.
 C = Inter-level travel time spent in this place.
 D = Time resting spent in this place.
 E = Time spent auto-exploring this place.
 F = Levels seen in this place.
 G = Mean time per level.
                   A        B        C        D        E       F      G
               +--------+--------+--------+--------+--------+-----+--------+
         Total |   8802 |   8286 |    516 |    554 |   6065 |   8 | 1100.2 |
       Dungeon |   8802 |   8286 |    516 |    554 |   6065 |   8 | 1100.2 |
               +--------+--------+--------+--------+--------+-----+--------+

Top non-repeatable levels by time:
     D:6: 1866 daAuts
     D:4: 1405 daAuts
     D:7: 1316 daAuts
     D:8: 1038 daAuts
     D:1: 839 daAuts
     D:5: 824 daAuts
     D:3: 813 daAuts
     D:2: 698 daAuts
